 Dungeon Crawl Stone Soup version 0.30-a0-802-gb92711bcdf (webtiles) character file.

Game seed: 1289730097755000819

5346 Darius099 the Severer (level 10, -3/75 (78) HPs)
             Began as a Minotaur Fighter on Feb 25, 2023.
             Was a Believer of Okawaru.
             Slain by a shadow (12 damage)
             ... on level 8 of the Dungeon.
             The game lasted 00:16:29 (8733 turns).

Darius099 the Severer (Minotaur Fighter)            Turns: 8733, Time: 00:16:30

HP:   -3/75 (78)    AC: 11    Str: 26    XL:     10   Next: 38%
MP:   9/9           EV:  6    Int:  5    God:    Okawaru [**....]
Gold: 560           SH:  4    Dex:  9    Spells: 9/9 levels left

rFire   . . .      SeeInvis .    i - +4 broad axe (freeze)
rCold   . . .      Faith    .    c - +0 buckler
rNeg    . . .      Spirit   .    A - +0 plate armour
rPois   .          Reflect  .    (helmet restricted)
rElec   .          Harm     .    (no cloak)
rCorr   .          Rampage  .    (no gloves)
Will    .....                    (no boots) Stlth
                                 p - amulet of the acrobat
HPRegen 0.32/turn                (no ring)
MPRegen 0.11/turn                (no ring)

@: lightly drained
A: horns 2, retaliatory headbutt
a: Renounce Religion, Heroism


You were on level 8 of the Dungeon.
You worshipped Okawaru.
Okawaru was pleased with you.
You visited 2 branches of the dungeon, and saw 10 of its levels.

You collected 560 gold pieces.

Inventory:

Hand Weapons
 i - a +4 broad axe of freezing (weapon)
 r - a +0 broad axe of flaming
Missiles
 f - 47 stones (quivered)
 o - 4 atropa-tipped darts
 t - 3 javelins
 B - 22 poisoned darts
Armour
 c - a +0 buckler (worn)
 A - a +0 plate armour (worn)
Jewellery
 p - an amulet of the acrobat (around neck)
Wands
 q - a wand of flame (14)
 v - a wand of iceblast (17)
 y - a wand of digging (6)
 D - a wand of quicksilver (5)
 F - a wand of charming (11)
Scrolls
 a - a scroll of poison {unknown}
 e - 3 scrolls of vulnerability
 g - 3 scrolls of fog
 k - a scroll of butterflies
 l - 2 scrolls of immolation
 n - a scroll of blinking {unknown}
 w - 2 scrolls of teleportation
 E - a scroll of magic mapping
 G - 2 scrolls of identify
Potions
 b - 5 potions of lignification
 d - 2 potions of might
 h - 4 potions of curing
 j - 2 potions of flight
 m - a potion of brilliance {unknown}
 s - 2 potions of mutation {unknown}
 u - 4 potions of attraction
 x - 2 potions of haste {unknown}
 z - a potion of invisibility {unknown}
 C - a potion of berserk rage {unknown}


   Skills:
 + Level 3.7 Fighting
 - Level 18.0 Axes
 + Level 3.7 Armour
 + Level 3.7 Shields


You had 9 spell levels left.
You didn't know any spells.
Your spell library contained the following spells:

 Spells                   Type           Power      Damage    Failure   Level
 Shock                    Conj/Air       0%         1d3       100%        1
 Sting                    Tmut/Pois      0%         1d3       100%        1
 Blink                    Tloc           0%         N/A       100%        2
 Cigotuvi's Dreadful Rot  Necr/Pois/Air  0%         N/A       100%        2
 Lesser Beckoning         Tloc           0%         N/A       100%        2
 Momentum Strike          Conj/Tloc      0%         3d8       100%        2
 Poisonous Vapours        Pois/Air       0%         N/A       100%        2
 Mephitic Cloud           Conj/Pois/Air  0%         N/A       100%        3
 Swiftness                Air            0%         N/A       100%        3
 Airstrike                Air            0%         2d(0-16)  100%        4
 Olgreb's Toxic Radiance  Pois           0%         N/A       100%        4
 Iskenderun's Battlesphe  Conj           0%         2d6       100%        5
 Iron Shot                Conj/Erth      0%         9d1       100%        6
 Spellforged Servitor     Conj/Summ      Unusable   N/A       N/A         7

Dungeon Overview and Level Annotations

Branches:
Dungeon (9/15)             Temple (1/1) D:7
   Lair: D:8-11         Orc: D:9-12

Altars:
Ashenzari
Cheibriados
Dithmenos
Elyvilon
Fedhas
Gozag
Hepliaklqana
Makhleb
Nemelex Xobeh
Okawaru
Ru
Sif Muna
Trog
Uskayaw
Vehumet
Wu Jian
Xom
Zin
The Shining One

Shops:
D:6 *


Innate Abilities, Weirdness & Mutations

You have a pair of horns on your head.
You reflexively headbutt those who attack you in melee.


Message History

Okawaru accepts your kill.
You slash the gnoll! You freeze the gnoll.
You kill the gnoll!
Okawaru accepts your kill. The gnoll hits you but does no damage.
You miss something. Your headbutt misses something.
The shadow strikes at you from the darkness!
* * * LOW HITPOINT WARNING * * *
Reactivating autopickup.
The gnoll hits you from afar with a +0 spear.
* * * LOW HITPOINT WARNING * * *
You feel better. You block the shadow's attack.
The gnoll hits you but does no damage. The shadow attacks as you move away!
The shadow hits you.
* * * LOW HITPOINT WARNING * * *
The shadow slips into darkness.
The shadow flickers and vanishes!
Deactivating autopickup; reactivate with Ctrl-A.
There is a stone staircase leading up here.
The gnoll is no longer moving quickly.
The shadow strikes at you from the darkness!
Reactivating autopickup.
You climb upwards.
There is a stone staircase leading down here.
You closely miss the shadow.
The shadow is moderately damaged.
Your attacks no longer feel as feeble.
The shadow barely misses you. You furiously retaliate!
You headbutt the shadow. You barely miss the shadow.
The shadow is heavily damaged.
The shadow hits you!
* * * LOW HITPOINT WARNING * * *
You feel better.
The shadow slips into darkness.
The shadow flickers and vanishes!
Deactivating autopickup; reactivate with Ctrl-A.
You miss something. Your headbutt misses something. You barely miss something.
The shadow strikes at you from the darkness!
You die...

##'####.## ######...##....
###############...##.#.##.###
#............#....##.#.####
#.##########.....###.#.# #.#
###..####.#.## #.#
######..#..## #.#############
##..###..##
#>#........{@.###....#....##
#.#.############...........#
#.#.#### ######.######
#......#### ### #._.#
##.........#####.#####.##
#>.................# #######
####.......##.#####.#.###
#..# ...........##.# #.#.#.#
#.## .....#.).<..).#
#.#.#.####.####


There were no monsters in sight!

Vanquished Creatures
  An ugly thing (D:9)
  Joseph (D:8)
  Maggie (D:6)
  The ghost of sirJeffrey23 the Trooper, a novice GrFi of Lugonu (D:5)
  Prince Ribbit (D:8)
  A wyvern (D:7)
  2 steam dragons
  Menkaure (D:6)
  A water moccasin (D:5)
  An ice beast (D:6)
  4 sky beasts
  2 ogres
  3 centaurs
  2 phantoms
  3 kobold brigands
  A necrophage (D:6)
  5 scorpions
  15 wights
  4 hounds
  A gnoll bouda (D:9)
  8 orc priests
  4 jellies
  3 iguanas
  Ijyb (D:4)
  3 orc wizards
  8 gnolls
  9 adders
  A shadow imp (D:7)
  A white imp (D:5)
  2 ufetubi
  2 worms
  2 dart slugs
  19 orcs
  2 endoplasms (D:4)
  3 giant cockroaches
  3 hobgoblins
  4 jackals (D:2)
  4 quokkas
  5 ball pythons
  5 bats
  3 frilled lizards
  7 goblins
  15 kobolds
  4 rats
169 creatures vanquished.

Vanquished Creatures (others)
  2 gnolls (D:7)
  11 plants
13 creatures vanquished.

Grand Total: 182 creatures vanquished

Notes
Turn   | Place    | Note
-------+----------+-------------------------------------------
     0 | D:1      | Darius099 the Minotaur Fighter began the quest for the Orb.
     0 | D:1      | Reached XP level 1. HP: 19/19 MP: 0/0
   156 | D:1      | Reached skill level 3 in Axes
   182 | D:1      | Reached XP level 2. HP: 26/26 MP: 1/1
   420 | D:1      | Reached skill level 4 in Axes
   508 | D:1      | Reached XP level 3. HP: 31/31 MP: 2/2
  1014 | D:2      | Reached skill level 5 in Axes
  1018 | D:2      | Reached XP level 4. HP: 34/39 MP: 3/3
  2091 | D:4      | Reached skill level 6 in Axes
  2105 | D:4      | Reached XP level 5. HP: 41/45 MP: 4/4
  2263 | D:4      | Reached skill level 7 in Axes
  2351 | D:4      | Noticed Ijyb
  2370 | D:4      | Killed Ijyb
  2438 | D:4      | Found a white marble altar of Elyvilon.
  2484 | D:4      | Found a shimmering altar of Xom.
  2505 | D:4      | Reached XP level 6. HP: 45/51 MP: 5/5
  2731 | D:4      | Reached skill level 8 in Axes
  2942 | D:4      | Found a sacrificial altar of Ru.
  2942 | D:4      | Found a glowing silver altar of Zin.
  3101 | D:4      | Reached skill level 9 in Axes
  3101 | D:4      | Reached XP level 7. HP: 48/57 MP: 6/6
  3267 | D:4      | Identified a scroll of acquirement
  3267 | D:4      | Acquired a +4 broad axe of freezing
  3281 | D:5      | Entered Level 5 of the Dungeon
  3379 | D:5      | Found a radiant altar of Vehumet.
  3412 | D:5      | Found a runed translucent door.
  3428 | D:5      | Found a broken altar of Ashenzari.
  3435 | D:5      | Found a snail-covered altar of Cheibriados.
  3470 | D:5      | Reached skill level 10 in Axes
  3838 | D:5      | Reached skill level 11 in Axes
  4079 | D:5      | Found a shimmering blue altar of Sif Muna.
  4081 | D:5      | Found a blossoming altar of Fedhas.
  4240 | D:5      | Noticed sirJeffrey23's ghost (novice GrFi)
  4257 | D:5      | Killed sirJeffrey23's ghost
  4258 | D:5      | Reached skill level 12 in Axes
  4258 | D:5      | Reached XP level 8. HP: 9/64 MP: 7/7
  4554 | D:6      | Found Ciukhlue's Assorted Antiques.
  5053 | D:6      | Noticed Maggie
  5069 | D:6      | Killed Maggie
  5070 | D:6      | Reached skill level 13 in Axes
  5321 | D:6      | Noticed Menkaure
  5324 | D:6      | Killed Menkaure
  5325 | D:6      | Reached skill level 14 in Axes
  5325 | D:6      | Reached XP level 9. HP: 55/70 MP: 8/8
  5994 | D:7      | Reached skill level 15 in Axes
  6340 | D:7      | Found a bloodstained altar of Trog.
  6633 | D:7      | Found a staircase to the Ecumenical Temple.
  6910 | Temple   | Entered the Ecumenical Temple
  7066 | Temple   | Became a worshipper of Warmaster Okawaru
  7115 | D:8      | Noticed Joseph
  7192 | D:8      | Reached skill level 16 in Axes
  7222 | D:8      | Noticed Prince Ribbit
  7224 | D:8      | Killed Prince Ribbit
  7671 | D:8      | Found an ornate altar of the Wu Jian Council.
  7679 | D:8      | Reached XP level 10. HP: 77/77 MP: 9/9
  7696 | D:8      | Reached * piety under Okawaru
  7702 | D:8      | Reached skill level 17 in Axes
  7954 | D:8      | Found a glowing golden altar of the Shining One.
  8076 | D:8      | Killed Joseph
  8449 | D:8      | Found a hazy altar of Hepliaklqana.
  8564 | D:9      | Noticed a purple ugly thing
  8571 | D:9      | Killed a purple ugly thing
  8704 | D:9      | Reached ** piety under Okawaru
  8716 | D:9      | Reached skill level 18 in Axes
  8720 | D:9      | HP: 2/75 [gnoll/+0 spear[a gnoll bouda] (4)]
  8730 | D:8      | HP: 1/75 [shadow (8)]
  8733 | D:8      | Slain by a shadow

Illustrated notes

Levels and vault maps discovered:
D:1:      lightli_arrival_flooded_house, layout_rooms, minmay_misc_feat_doors,
          minmay_misc_feat_iff
D:2:      layout_rooms, serial_aquarium, aquarium_bridge_square
          [aquarium_subvault_wall, aquarium_subvault_bridge,
          aquarium_subvault_bridge, aquarium_subvault_wall],
          aquarium_bridge_island_small [aquarium_subvault_small_water,
          aquarium_subvault_bridge, aquarium_subvault_wall,
          aquarium_subvault_bridge, aquarium_subvault_bridge],
          aquarium_window_fake, aquarium_window_1, aquarium_window_fake,
          aquarium_window_fake, aquarium_view_2e, aquarium_view_2d,
          aquarium_pool_five
D:3:      minmay_spotlight, layout_loops_corners, kennysheep_boxes
D:4:      layout_loops_corners, mainiacjoe_overflow_cross_hatched,
          elyvilon_altar_1, jmf_multi_god_temple, uniq_ijyb
D:5:      layout_cave_pods, nicolae_overflow_hidden_temple,
          mainiacjoe_overflow_concentric_impassable, ebering_ghost_sewer_d
D:6:      minmay_general_purpose_star, layout_gridville, serial_shops,
          nicolae_stop_n_shop_1, uniq_maggie, uniq_menkaure
D:7:      layout_cave_pods, kennysheep_mini, minmay_temple_entry_hall
D:8:      layout_loops_ring, kennysheep_mini_moat,
          nicolae_tso_swordbearing_angel, mainiacjoe_overflow_chevrons,
          uniq_joseph, uniq_prince_ribbit1
D:9:      layout_basic, amcnicky_altar_gilded,
          lemuel_mausoleum_altar_yredelemnul, serial_bayou, serial_bayou_pond_c,
          serial_bayou_pond_d, serial_bayou_pond_e, serial_bayou_pond_e,
          serial_bayou_crossing, uniq_erolcha
Temple:   hellmonk_temple_flake

Skill      XL: |  1  2  3  4  5  6  7  8  9 10 |
---------------+-------------------------------+-----
Axes           | 3 4 5 6 7 9 12 14 16 18 | 18.0
Fighting       | |  3.7
Armour         | |  3.7
Shields        | |  3.7

Action                     |  1- 3 |  4- 6 |  7- 9 | 10-12 || total
---------------------------+-------+-------+-------+-------++-------
  Melee: War axe           |    70 |   103 |     1 |       ||   174
         Headbutt          |    10 |    16 |    25 |     7 ||    58
         Broad axe         |       |       |   177 |    74 ||   251
  Throw: Stone             |       |       |     2 |       ||     2
    Use: Scroll            |       |       |    14 |       ||    14
         Potion            |       |       |     1 |     2 ||     3
 Armour: Scale mail        |    11 |       |       |       ||    11
         Chain mail        |    14 |    23 |       |       ||    37
         Plate armour      |       |    25 |    71 |    23 ||   119
  Dodge: Dodged            |    38 |    24 |    65 |    16 ||   143
  Block: Buckler           |    18 |    21 |    39 |    13 ||    91

Table legend: (Time is in decaauts)
 A = Elapsed time spent in this place.
 B = Non-inter-level travel time spent in this place.
 C = Inter-level travel time spent in this place.
 D = Time resting spent in this place.
 E = Time spent auto-exploring this place.
 F = Levels seen in this place.
 G = Mean time per level.
                   A        B        C        D        E       F      G
               +--------+--------+--------+--------+--------+-----+--------+
         Total |   8759 |   8310 |    449 |   1462 |   5526 |  10 |  875.9 |
       Dungeon |   8593 |   8157 |    436 |   1462 |   5390 |   9 |  954.8 |
        Temple |    165 |    152 |     13 |      0 |    136 |   1 |  165.0 |
               +--------+--------+--------+--------+--------+-----+--------+

Top non-repeatable levels by time:
     D:7: 1357 daAuts
     D:5: 1283 daAuts
     D:6: 1263 daAuts
     D:8: 1207 daAuts
     D:4: 1205 daAuts
     D:3: 787 daAuts
     D:2: 701 daAuts
     D:1: 629 daAuts
  Temple: 165 daAuts
     D:9: 157 daAuts
